 Dungeon Crawl Stone Soup version 0.30-a0-702-gdf48620a09 (webtiles) character file.

Game seed: 4949427244886121238

2641 Darius099 the Grappler (level 9, -2/92 HPs)
             Began as a Troll Berserker on Jan 22, 2023.
             Was an Elder of Trog.
             Slain by a gnoll
             ... wielding a +0 spear
             ... led by a gnoll sergeant
              (6 damage)
             ... on level 6 of the Dungeon.
             The game lasted 00:07:35 (4362 turns).

Darius099 the Grappler (Troll Berserker)            Turns: 4362, Time: 00:07:36

Health: -2/92      AC:  4    Str: 28    XL:     9   Next: 35%
Magic:  8/8        EV: 12    Int:  2    God:    Trog [****..]
Gold:   311        SH:  0    Dex: 15    Spells: 8/8 levels left

rFire   . . .      SeeInvis .      - Unarmed
rCold   . . .      Faith    .    (no shield)
rNeg    . . .      Spirit   .    d - +0 robe
rPois   .          Reflect  .    (helmet restricted)
rElec   .          Harm     .    (no cloak)
rCorr   .          Rampage  .    (gloves unavailable)
Will    .....                    (boots unavailable)
Stlth   +                        (no amulet)
HPRegen 1.15/turn                (no ring)
MPRegen 0.11/turn                (no ring)

@: no status effects
A: large, unfitting armour, claws 3, regeneration 1, shaggy fur 1, tough skin 1,
agile 1
a: Renounce Religion, Berserk, Trog's Hand, Brothers in Arms


You were on level 6 of the Dungeon.
You worshipped Trog.
Trog was greatly pleased with you.
You visited 1 branch of the dungeon, and saw 6 of its levels.

You collected 311 gold pieces.

Inventory:

Armour
 d - a +0 robe (worn)
Scrolls
 a - 3 scrolls of teleportation
 f - a scroll of noise {unknown}
 g - 2 scrolls of enchant armour
 j - a scroll of fear {unknown}
 k - a scroll of enchant weapon {unknown}
 l - a scroll of magic mapping
 m - a scroll of torment {unknown}
 p - a scroll of poison {unknown}
 q - a scroll of fog {unknown}
Potions
 b - a potion of haste
 c - 4 potions of might
 e - 5 potions of curing
 h - a potion of invisibility {unknown}
 i - 2 potions of heal wounds
 n - a potion of brilliance {unknown}
 o - a potion of cancellation {unknown}
 s - a potion of lignification


   Skills:
 + Level 6.7 Fighting
 + Level 6.6 Dodging
 + Level 8.0 Unarmed Combat


You had 8 spell levels left.
You didn't know any spells.
Your spell library was empty.

Dungeon Overview and Level Annotations

Branches:
Dungeon (6/15)             Temple (0/1) D:5

Altars:
Dithmenos
Elyvilon
Hepliaklqana

Shops:
D:2 ?


Innate Abilities, Weirdness & Mutations

You are too large for most types of armour.
You have claws for hands.
Your natural rate of healing is unusually fast.
You are covered in fur. (AC +1)
You have tough skin. (AC +1)
You are agile. (Dex +4, Str/Int -1)


Message History

You claw the gnoll sergeant!
You kill the gnoll sergeant!
Trog accepts your kill. The gnoll closely misses you.
The gnoll hits you with a +0 spear.
You completely miss the gnoll. The gnoll barely misses you.
The gnoll hits you with a +0 spear.
You barely miss the gnoll. The necrophage closely misses you.
The gnoll barely misses you. x2
You claw the necrophage!
The necrophage is severely damaged.
The necrophage closely misses you. The gnoll closely misses you.
The gnoll hits you with a +0 spear.
* * * LOW HITPOINT WARNING * * *
The necrophage attacks as you move away!
The necrophage hits you!
* * * LOW HITPOINT WARNING * * *
You feel drained.
* * * LOW HITPOINT WARNING * * *
The gnoll hits you from afar with a +0 spear!
* * * LOW HITPOINT WARNING * * *
You claw the necrophage!
You destroy the necrophage!
Trog accepts your kill.
The gnoll hits you from afar with a +0 spear.
* * * LOW HITPOINT WARNING * * *
Your life force feels restored.
Your Unarmed Combat skill increases to level 8!
You claw the gnoll!
The gnoll is severely wounded.
You scratch the gnoll.
The gnoll is almost dead.
The gnoll misses you.
The gnoll hits you from afar with a +0 spear.
* * * LOW HITPOINT WARNING * * *
You barely miss the gnoll.
The gnoll is almost dead.
The gnoll hits you with a +0 flail.
* * * LOW HITPOINT WARNING * * *
The gnoll hits you from afar with a +0 spear.
You die...

#.....# #.....#
##...### #.....#
. #####.# .#
###.### ####..#
##.....# .......
#......##)..#
..........@gg..#
####......##...#
#......# #.##
#.###### .# ...
# .... ..


You could see 2 gnolls.

Vanquished Creatures
  A two-headed ogre (D:5)
  Pikel (D:5)
  Sigmund (D:5)
  A water moccasin (D:6)
  An ice beast (D:5)
  An ogre (D:5)
  A lemure (D:5)
  A kobold brigand (D:6)
  2 necrophages
  A gnoll sergeant (D:6)
  5 scorpions
  5 hounds
  A jelly (D:6)
  A gnoll bouda (D:5)
  Jessica (D:3)
  3 iguanas
  An orc wizard (D:4)
  5 gnolls
  7 adders
  A shadow imp (D:6)
  An ufetubus (D:5)
  A dart slug (D:5)
  20 orcs
  5 ball pythons
  A bat (D:1)
  3 endoplasms
  5 giant cockroaches
  6 goblins
  2 hobgoblins
  13 jackals
  14 kobolds
  5 quokkas
  3 frilled lizards
  8 rats
128 creatures vanquished.

Notes
Turn   | Place    | Note
-------+----------+-------------------------------------------
     0 | D:1      | Darius099 the Troll Berserker began the quest for the Orb.
     0 | D:1      | Reached XP level 1. HP: 22/22 MP: 0/0
   160 | D:1      | Reached XP level 2. HP: 29/29 MP: 1/1
   229 | D:1      | Found a faded altar of an unknown god.
   316 | D:1      | Reached ** piety under Trog
   406 | D:1      | Reached XP level 3. HP: 36/36 MP: 2/2
   947 | D:2      | Found Muox's Magic Scroll Shop.
   996 | D:2      | Reached XP level 4. HP: 45/45 MP: 3/3
  1239 | D:2      | Gained mutation: You are agile. (Dex +4, Str/Int -1)
                  | [potion of mutation]
  1468 | D:3      | Noticed Jessica
  1483 | D:3      | Killed Jessica
  1484 | D:3      | Reached skill level 4 in Unarmed Combat
  1552 | D:3      | Found a hazy altar of Hepliaklqana.
  1609 | D:3      | Found a white marble altar of Elyvilon.
  1641 | D:3      | Found a shadowy altar of Dithmenos.
  1753 | D:3      | Reached *** piety under Trog
  1953 | D:3      | Reached XP level 5. HP: 51/53 MP: 4/4
  2209 | D:4      | Reached XP level 6. HP: 42/62 MP: 5/5
  2397 | D:4      | Reached skill level 5 in Unarmed Combat
  3328 | D:5      | Entered Level 5 of the Dungeon
  3343 | D:5      | Reached XP level 7. HP: 24/70 MP: 6/6
  3686 | D:5      | Noticed a two-headed ogre
  3693 | D:5      | Killed a two-headed ogre
  3694 | D:5      | Reached skill level 5 in Fighting
  3694 | D:5      | Reached skill level 5 in Dodging
  3694 | D:5      | Reached skill level 6 in Unarmed Combat
  3694 | D:5      | Reached XP level 8. HP: 20/83 MP: 7/7
  3990 | D:5      | Reached **** piety under Trog
  4007 | D:5      | Noticed Sigmund
  4021 | D:5      | Killed Sigmund
  4022 | D:5      | Reached skill level 7 in Unarmed Combat
  4034 | D:5      | Found a staircase to the Ecumenical Temple.
  4055 | D:5      | Noticed Pikel
  4069 | D:5      | Killed Pikel
  4070 | D:5      | Reached XP level 9. HP: 73/92 MP: 8/8
  4360 | D:6      | Reached skill level 8 in Unarmed Combat
  4362 | D:6      | HP: 4/92 [gnoll/+0 flail[a gnoll sergeant] (4)]
  4362 | D:6      | Slain by a gnoll

Illustrated notes

Levels and vault maps discovered:
D:1:      co_arrival_random_square_maze, layout_basic,
          ebering_ecumenical_altar_ruins, minmay_misc_feat_diagonals,
          chequers_avenue
D:2:      layout_basic, serial_shops, shop_statue, minmay_misc_feat_alley
D:3:      layout_basic, mainiacjoe_overflow_boulevard,
          mainiacjoe_overflow_brackets, nicolae_overflow_crystal_walls,
          uniq_jessica
D:4:      layout_layer_cave
D:5:      layout_loops_ring, minmay_temple_entry_glassed_door, uniq_sigmund,
          uniq_pikel
D:6:      layout_loops_cross, serial_glass, glass_columns_b, glass_columns_a,
          grunt_ministairs_9

Skill      XL: |  1  2  3  4  5  6  7  8  9 |
---------------+----------------------------+-----
Fighting       | 3 4 5 6 |  6.7
Dodging        | 3 4 5 6 |  6.6
Unarmed Combat | 4 5 6 7 8 |  8.0

Action                   |  1- 3 |  4- 6 |  7- 9 || total
-------------------------+-------+-------+-------++-------
Melee: Unarmed           |    98 |   141 |   154 ||   393
       Punch             |     2 |     8 |     8 ||    18
Invok: Berserk           |       |       |     1 ||     1
  Use: Scroll            |     3 |     3 |     2 ||     8
       Potion            |       |     4 |       ||     4
Armor: Animal skin       |    37 |       |       ||    37
       Robe              |     3 |    26 |    20 ||    49
Dodge: Dodged            |    47 |    83 |    89 ||   219

Table legend: (Time is in decaauts)
 A = Elapsed time spent in this place.
 B = Non-inter-level travel time spent in this place.
 C = Inter-level travel time spent in this place.
 D = Time resting spent in this place.
 E = Time spent auto-exploring this place.
 F = Levels seen in this place.
 G = Mean time per level.
                   A        B        C        D        E       F      G
               +--------+--------+--------+--------+--------+-----+--------+
         Total |   4309 |   4260 |     49 |     74 |   3314 |   6 |  718.2 |
       Dungeon |   4309 |   4260 |     49 |     74 |   3314 |   6 |  718.2 |
               +--------+--------+--------+--------+--------+-----+--------+

Top non-repeatable levels by time:
     D:4: 1297 daAuts
     D:5: 837 daAuts
     D:3: 755 daAuts
     D:1: 727 daAuts
     D:2: 511 daAuts
     D:6: 180 daAuts
